 Dungeon Crawl Stone Soup version 0.27-a0-1188-g73eefd5def (webtiles) character file.

Game seed: 3737740747260301503

587 Aggronaut the Stinger (level 7, -4/46 HPs)
             Began as a Demonspawn Venom Mage on May 21, 2021.
             Slain by a black bear (5 damage)
             ... on level 4 of the Dungeon.
             The game lasted 00:16:35 (6337 turns).

Aggronaut the Stinger (Demonspawn Venom Mage)       Turns: 6337, Time: 00:16:36

Health: -4/46      AC:  3    Str:  5 (8)  XL:     7   Next: 15%
Magic:  10/10      EV: 12    Int: 15 (17) God:
Gold:   194        SH:  0    Dex: 15      Spells: 5/10 levels left

rFire    . . .     SeeInvis .   c - +3 dagger
rCold    . . .     Faith    .   (no shield)
rNeg     . . .     Spirit   .   a - +0 robe
rPois    .         Reflect  .   (helmet restricted)
rElec    .         Harm     .   h - +0 cloak
rCorr    .         Rampage  .   (no gloves)
Will     .....                  (no boots)
Stlth    +++.......             (no amulet)
HPRegen  0.15/turn              (no ring)
MPRegen  0.24/turn              (no ring)

@: no status effects
A: horns 1, foul stench 1, magic regeneration
a: no special abilities


You were on level 4 of the Dungeon.
You visited 1 branch of the dungeon, and saw 5 of its levels.

You collected 194 gold pieces.

Inventory:

Hand Weapons
 b - a +0 short sword
 c - a +3 dagger (weapon)
 e - a +0 rapier
 l - a +1 flail of protection
Armour
 a - a +0 robe (worn)
 h - a +0 cloak (worn)
Jewellery
 g - a ring of protection from cold
Scrolls
 d - a scroll of enchant armour {unknown}
 f - a scroll of noise {unknown}
 i - 4 scrolls of identify {unknown}
 j - 2 scrolls of teleportation
 k - a scroll of torment {unknown}
 n - a scroll of magic mapping {unknown}
 p - a scroll of enchant weapon {unknown}
Potions
 o - a potion of haste {unknown}


   Skills:
 + Level 1.1 Short Blades
 - Level 1.7 Dodging
 + Level 4.2 Stealth
 - Level 2.0 Spellcasting
 * Level 3.4 Conjurations
 - Level 0.8 Transmutations
 - Level 6.0 Poison Magic


You had 5 spell levels left.
You knew the following spells:

 Your Spells              Type           Power      Damage    Failure   Level
a - Sting                 Tmut/Pois      44%        1d5       5%          1
b - Mephitic Cloud        Conj/Pois/Air  10%        N/A       19%         3
c - Magic Dart            Conj           44%        1d5       5%          1

Your spell library contained the following spells:

 Spells                   Type           Power      Damage    Failure   Level
 Poisonous Vapours        Pois/Air       20%        N/A       10%         2
 Olgreb's Toxic Radiance  Pois           19%        N/A       19%         4
 Ignite Poison            Fire/Tmut/Pois 8%         N/A       26%         3
 Blink                    Tloc           N/A        N/A       32%         2
 Call Imp                 Summ           1%         N/A       32%         2
 Slow                     Hex            1%         N/A       32%         2
 Conjure Flame            Conj/Fire      6%         6-21      32%         3


Dungeon Overview and Level Annotations

Branches:
Dungeon (5/15)
 Temple: D:4-7

Altars:
Ru

Shops:
D:2 ((:


Innate Abilities, Weirdness & Mutations

You have a pair of small horns on your head.
You may rarely emit foul miasma when damaged in melee.
You regenerate magic rapidly.


Message History

Press: ? - help, Shift-Dir - straight line, f/p - black bear
Aim: a black bear (severely wounded, poisoned, 79% to hit)
You miscast Sting.
You are very lightly contaminated with residual magic.
Nothing appears to happen.
The black bear bites you. The black bear barely misses you.
The black bear claws you.
You see here a scorpion corpse.
Casting: Sting (safe; 5% risk of failure)
Confirm with . or Enter, or press ? or * to list all spells.
Aiming: Sting (safe; 5% risk of failure)
Press: ? - help, Shift-Dir - straight line, f/p - black bear
Aim: a black bear (severely wounded, poisoned, 79% to hit)
The sting hits the black bear.
The black bear looks even sicker.
The black bear is severely wounded.
The black bear goes berserk!
The black bear bites you. The black bear barely misses you.
The black bear claws you but does no damage.
The black bear bites you! The black bear claws you. x2
* * * LOW HITPOINT WARNING * * *
Your magical contamination has completely faded away.
The black bear looks more healthy.
The black bear completely misses you. The black bear closely misses you.
The black bear misses you.
The black bear rages.
There is a stone staircase leading up here.
The black bear bites you but does no damage.
The black bear claws you but does no damage.
The black bear closely misses you. The black bear misses you.
The black bear claws you but does no damage. x2
You climb upwards.
There is a stone staircase leading down here.
The black bear bites you.
* * * LOW HITPOINT WARNING * * *
The black bear misses you.
The black bear claws you but does no damage.
The black bear bites you.
* * * LOW HITPOINT WARNING * * *
You emit a cloud of foul miasma!
The black bear claws you.
* * * LOW HITPOINT WARNING * * *
The black bear claws you.
You die...

#.....# #.#######.#
#.###.####### #)##....#.#
#.###)##....#######.##.##.#.#
#......#.##.#<)...#)#.....#.#
#####..#.##.####.##.#..####..
###.....#.......#....#..#.....
#...#...###.###.#.#..#..#.###.
####.###.......#.....#..#..#.#
#.
...#.#....######@#..##.....#.#
#.
.#.#.#.#......>h.............#
#.
.#.#.#.#######.##########....#
#. .#.#.#.#
#..............####.
.#..<..####
#.###########..###..
..........####.# #...##..
...............# #.#.....
..........####.# #.......
..........####.## #....###


You could see a black bear (berserk).

Vanquished Creatures
  A necrophage (D:4)
  A black bear (D:4)
  A phantom (D:4)
  A scorpion (D:5)
  2 orc priests (D:4)
  An orc wizard (D:4)
  7 gnolls
  3 adders (D:2)
  An ufetubus (D:4)
  2 worms
  11 orcs (D:4)
  7 endoplasms
  4 giant cockroaches
  3 goblins
  5 hobgoblins
  3 jackals (D:1)
  9 kobolds
  2 quokkas
  9 ball pythons
  5 bats
  4 frilled lizards
  4 rats
86 creatures vanquished.

Notes
Turn   | Place    | Note
-------+----------+-------------------------------------------
     0 | D:1      | Aggronaut the Demonspawn Venom Mage began the quest for the
                  | Orb.
     0 | D:1      | Reached XP level 1. HP: 13/13 MP: 3/3
   229 | D:1      | Gained mutation: You regenerate magic rapidly. [demonic
                  | ancestry]
   229 | D:1      | Reached XP level 2. HP: 11/19 MP: 0/5
   906 | D:1      | Reached skill level 4 in Poison Magic
  1513 | D:1      | Gained mutation: You have a pair of small horns on your
                  | head. [demonic ancestry]
  1513 | D:1      | Reached XP level 3. HP: 21/24 MP: 6/6
  1826 | D:1      | Found a faded altar of an unknown god.
  2142 | D:2      | Learned a level 3 spell: Mephitic Cloud
  2480 | D:2      | Found Coesiuf's Book Shoppe.
  2485 | D:2      | Found Unaschij's Weapon Emporium.
  2501 | D:2      | Reached XP level 4. HP: 29/30 MP: 5/7
  2838 | D:2      | Reached skill level 5 in Poison Magic
  3014 | D:2      | Found Edima's Weapon Shoppe.
  3199 | D:3      | Found a sacrificial altar of Ru.
  3442 | D:3      | Reached XP level 5. HP: 30/35 MP: 4/8
  4150 | D:4      | Noticed a black bear
  4156 | D:4      | Noticed a phantom
  4171 | D:4      | Killed a black bear
  4172 | D:4      | Reached skill level 6 in Poison Magic
  4533 | D:4      | Reached skill level 1 in Conjurations
  4533 | D:4      | Gained mutation: You may rarely emit foul miasma when
                  | damaged in melee. [demonic ancestry]
  4533 | D:4      | Reached XP level 6. HP: 34/41 MP: 7/9
  5572 | D:4      | Learned a level 1 spell: Magic Dart
  6055 | D:4      | Reached XP level 7. HP: 34/46 MP: 5/10
  6301 | D:5      | Entered Level 5 of the Dungeon
  6309 | D:5      | Reached skill level 1 in Short Blades
  6337 | D:4      | HP: 1/46 [black bear (6)]
  6337 | D:4      | Slain by a black bear

Illustrated notes

Levels and vault maps discovered:
D:1:      nicolae_arrival_somewhat_less_tricky_arrival, layout_loops_corners,
          shapermc_ecumenical_altar_hornbeckon, minmay_unequal
D:2:      layout_rooms, serial_shops, nicolae_shop_window_shopping, shop, shop
D:3:      layout_loops_ring, nicolae_ru_sacrificial_ziggurat, kennysheep_path_1,
          palyth_stone_intersect, corexii_hall_statues_i,
          chequers_serial_rivers_small_b, feat_on_display
D:4:      layout_basic
D:5:      layout_loops_corners, serial_shops, nicolae_shop_overgrown_old_shop,
          nicolae_underground_beach

Skill      XL: |  1  2  3  4  5  6  7 |
---------------+----------------------+-----
Poison Magic   | 4 5 6 |  6.0
Stealth        | 2 3 4 |  4.2
Conjurations   | 1 3 |  3.4
Short Blades   | 1 |  1.1
Dodging        | |  1.7
Spellcasting   | |  2.0
Transmutations | |  0.8

Action                   |  1- 3 |  4- 6 |  7- 9 || total
-------------------------+-------+-------+-------++-------
Melee: Short sword       |     2 |       |       ||     2
       Dagger            |    79 |   116 |     9 ||   204
       Headbutt          |     4 |     8 |       ||    12
 Cast: Sting             |    29 |    41 |     8 ||    78
       Magic Dart        |       |    12 |       ||    12
  Use: Scroll            |       |     1 |       ||     1
       Potion            |       |     4 |       ||     4
 Stab: Sleeping          |     4 |     6 |     1 ||    11
Armor: Robe              |    16 |    28 |     7 ||    51
       Skin              |       |    18 |       ||    18
Dodge: Dodged            |    64 |    66 |    14 ||   144

Table legend: (Time is in decaauts)
 A = Elapsed time spent in this place.
 B = Non-inter-level travel time spent in this place.
 C = Inter-level travel time spent in this place.
 D = Time resting spent in this place.
 E = Time spent auto-exploring this place.
 F = Levels seen in this place.
 G = Mean time per level.
                   A        B        C        D        E       F      G
               +--------+--------+--------+--------+--------+-----+--------+
         Total |   6350 |   6124 |    226 |   2742 |   2319 |   5 | 1270.0 |
       Dungeon |   6350 |   6124 |    226 |   2742 |   2319 |   5 | 1270.0 |
               +--------+--------+--------+--------+--------+-----+--------+

Top non-repeatable levels by time:
     D:1: 2087 daAuts
     D:4: 1925 daAuts
     D:3: 1206 daAuts
     D:2: 1097 daAuts
     D:5: 33 daAuts
